 Dungeon Crawl Stone Soup version 0.18-a0-1229-ge9a1a01 (webtiles) character file.

229 Gottschkopf the Ruffian (level 5, 0/41 HPs)
             Began as a Draconian Transmuter on Feb 4, 2016.
             Slain by an ogre
             ... wielding a +0 giant spiked club
              (14 damage)
             ... on level 4 of the Dungeon.
             The game lasted 00:18:23 (3723 turns).

Gottschkopf the Ruffian (Draconian Transmuter)      Turns: 3723, Time: 00:18:23

Health: 0/41       AC:  2    Str: 12    XL:     5   Next: 71%
Magic:  7/10       EV: 20    Int: 18    God:
Gold:   122        SH:  0    Dex: 16    Spells: 2 memorised, 6 levels left

rFire  . . .     SeeInvis .       - Unarmed
rCold  . . .     Gourm    .     (armour unavailable)
rNeg   . . .     Faith    .     (shield currently unavailable)
rPois  x         Spirit   .     (helmet currently unavailable)
rElec  .         Dismiss  .     (cloak currently unavailable)
rCorr  .         Reflect  .     (gloves currently unavailable)
SustAt .         Harm     .     (boots currently unavailable)
MR     .....                    (no amulet)
Stlth  ++........               (no ring)
                                n - +3 ring of intelligence

@: spider-form, not resistant to hostile enchantments, unstealthy
A: unfitting armour, (cold-blooded), AC +5
a: End Transformation


You were on level 4 of the Dungeon.
You were not hungry.
You were a venomous arachnid creature.
You visited 1 branch of the dungeon, and saw 4 of its levels.

You collected 122 gold pieces.

Inventory:

Missiles
 a - 30 arrows (quivered)
Armour
 k - a +0 pair of gloves
 t - a +0 pair of gloves (melded)
Jewellery
 n - a +3 ring of intelligence (left front leg)
Scrolls
 d - 2 scrolls of fear {unknown}
 e - a scroll of blinking {unknown}
 g - a scroll of magic mapping {unknown}
 i - a scroll of noise {unknown}
 l - 2 scrolls of identify {unknown}
 o - a scroll of random uselessness {unknown}
 r - 2 scrolls of fog {unknown}
Potions
 h - 2 potions of curing {unknown}
 j - a potion of invisibility {unknown}
 m - 2 potions of agility {unknown}
 p - a potion of brilliance {unknown}
 s - a potion of ambrosia {unknown}
 u - 3 potions of cure mutation {unknown}
Books
 b - a book of Changes

   Spells                             Type                      Level
   a - Beastly Appendage              Transmutation                1
   b - Sticks to Snakes               Transmutation                2
   c - Spider Form                    Transmutation/Poison         3
   d - Ice Form                       Ice/Transmutation            4
   e - Blade Hands                    Transmutation                5
Comestibles
 c - 4 bread rations
 f - 3 meat rations
 q - 3 fruits


   Skills:
 + Level 2.1 Fighting
 + Level 2.4 Dodging
 + Level 0.2 Stealth
 + Level 4.0 Unarmed Combat
 * Level 3.4 Spellcasting
 * Level 3.1 Transmutations
 + Level 0.8 Poison Magic


You had 6 spell levels left.
You knew the following spells:

 Your Spells              Type           Power        Failure   Level  Hunger
a - Beastly Appendage     Trmt           ##....       14%         1    None
b - Spider Form           Trmt/Pois      ##........   45%         3    ###....


Dungeon Overview and Level Annotations

Branches:
Dungeon (4/15)
 Temple: D:4-7

Altars:
Qazlal


Innate Abilities, Weirdness & Mutations

((Your plain brown scales are hard (AC +5).))
Your body does not fit into most forms of armour.
((You are cold-blooded and may be slowed by cold attacks.))


Message History

Found a stone staircase leading up.
Casting: Beastly Appendage
Confirm with . or Enter, or press ? or * to list all spells.
Your horns disappear.
You turn into a venomous arachnid creature.
Your +0 pair of gloves melds into your body.
An iguana comes into view.
The iguana hisses angrily.
You hit the ogre.
The ogre is poisoned.
The ogre is lightly wounded.
The ogre misses you.
You completely miss the ogre.
The ogre is lightly wounded.
The ogre hits you with a giant spiked club!!
Ouch! That really hurt!
The phantom misses you.
You hit the ogre but do no damage.
The ogre is lightly wounded.
The ogre hits you with a giant spiked club!
You die...

#>......### .
.............#...## #.
..................## #..
...................##...
................#...#...
...............<.#......
................##......
..l...W.........##......
......Os......####......
.<........##### #......
......##### ##......
....## #......# ...
#.....## .. ##....## .
#....## ##########...##
............##


You could see a phantom, an ogre and an iguana.

Vanquished Creatures
  Robin (D:3)
  4 gnolls (D:3)
  5 adders
  2 oozes (D:1)
  A worm (D:3)
  2 giant geckos (D:3)
  7 orcs
  12 bats
  5 giant cockroaches
  14 goblins
  17 hobgoblins
  11 jackals
  A quokka (D:3)
  8 giant newts
  9 kobolds
  11 rats
110 creatures vanquished.

Notes
Turn   | Place    | Note
--------------------------------------------------------------
     0 | D:1      | Gottschkopf the Draconian Transmuter began the quest for the Orb.
     0 | D:1      | Reached XP level 1. HP: 16/16 MP: 3/3
   206 | D:1      | Reached XP level 2. HP: 23/23 MP: 3/5
   528 | D:1      | Reached XP level 3. HP: 21/28 MP: 6/6
   685 | D:1      | Learned a level 3 spell: Spider Form
  1251 | D:2      | Found a stormy altar of Qazlal.
  1364 | D:2      | Reached XP level 4. HP: 34/36 MP: 5/8
  2013 | D:3      | Noticed Robin
  2027 | D:3      | Killed Robin
  2239 | D:3      | Reached XP level 5. HP: 15/41 MP: 5/9
  2868 | D:3      | Reached skill level 4 in Unarmed Combat
  3716 | D:4      | Noticed an ogre
  3718 | D:4      | Noticed a phantom
  3723 | D:4      | Slain by an ogre

Vault maps used:
D:1:      dpeg_arrival_tiny_d
D:2:      st_stairs_13, nicolae_qazlal_general_emergency
D:3:      uniq_robin
D:4:      lemuel_coloured_pillars_altar, first_bread

Action                   |  1- 3 |  4- 6 || total
-------------------------+-------+-------++-------
Melee: Unarmed           |   110 |   150 ||   260
 Cast: Beastly Appendage |    12 |     7 ||    19
       Spider Form       |     8 |    25 ||    33
 Stab: Sleeping          |       |     1 ||     1
  Eat: Chunk             |     3 |    10 ||    13
